 Dungeon Crawl Stone Soup version 0.29-a0-284-gf9362112df (webtiles) character file.

Game seed: 14282829335252950616

45 horus123 the Magician (level 3, -9/28 HPs)
             Began as a Draconian Transmuter on Mar 29, 2022.
             Killed by divine providence
             ... invoked by an orc priest
              (12 damage)
             ... on level 3 of the Dungeon.
             The game lasted 00:02:18 (1905 turns).

horus123 the Magician (Draconian Transmuter)        Turns: 1905, Time: 00:02:19

Health: -9/28      AC:  5    Str: 12    XL:     3   Next: 42%
Magic:  8/8        EV: 12    Int: 15    God:
Gold:   69         SH:  0    Dex: 11    Spells: 6/9 levels left

rFire   . . .      SeeInvis .     - Unarmed
rCold   . . .      Faith    .   (no shield)
rNeg    . . .      Spirit   .   (body armour unavailable)
rPois   .          Reflect  .   (helmet currently unavailable)
rElec   .          Harm     .   (no cloak)
rCorr   .          Rampage  .   (no gloves)
Will    .....                   (boots currently unavailable)
Stlth   +.........              (no amulet)
HPRegen 0.09/turn               (no ring)
MPRegen 0.11/turn               (no ring)

@: appendages (expiring)
A: horns 2, talons 2, AC +5, unfitting armour, cold-blooded
a: End Transformation


You were on level 3 of the Dungeon.
You had temporarily grown beastly horns and talons.
You visited 1 branch of the dungeon, and saw 3 of its levels.

You collected 69 gold pieces.

Inventory:

Missiles
 h - 6 datura-tipped darts
Armour
 c - a +0 buckler
Scrolls
 b - a scroll of fog {unknown}
 d - a scroll of magic mapping {unknown}
 e - a scroll of identify {unknown}
 g - a scroll of immolation {unknown}
Potions
 a - a potion of lignification
 f - 2 potions of curing {unknown}


   Skills:
 - Level 1.1 Fighting
 - Level 1.7 Dodging
 - Level 3.0 Unarmed Combat
 + Level 3.6 Spellcasting
 - Level 2.0 Transmutations


You had 6 spell levels left.
You knew the following spells:

 Your Spells              Type           Power      Damage    Failure   Level
a - Beastly Appendage     Tmut           16%        N/A       9%          1
b - Wereblood             Tmut           8%         N/A       12%         2

Your spell library contained the following spells:

 Spells                   Type           Power      Damage    Failure   Level
 Magic Dart               Conj           8%         1d3       19%         1
 Searing Ray              Conj           4%         2d4       28%         2
 Spider Form              Tmut/Pois      5%         N/A       36%         3
 Ice Form                 Ice/Tmut       5%         N/A       77%         4
 Fulminant Prism          Conj/Hex       1%         3d6       88%         4


Dungeon Overview and Level Annotations

Branches:
Dungeon (3/15)

Altars:
Cheibriados


Innate Abilities, Weirdness & Mutations

You have temporarily grown beastly horns and talons.
Your plain brown scales are hard. (AC +5)
You cannot fit into any form of body armour.
You are cold-blooded and may be slowed by cold attacks.


Message History

There is a stone staircase leading up here.
An orc priest comes into view. It is wielding a +0 club.
You grow a pair of large bovine horns.
Your feet morph into talons.
The orc priest mumbles some strange prayers to Beogh against you.
You barely resist.
You hit the orc priest but do no damage.
You tail-slap the orc priest.
The orc priest is lightly wounded.
The orc priest misses you.
You closely miss the orc priest. Your kick misses the orc priest.
The orc priest is lightly wounded.
You barely miss the orc priest. Your headbutt misses the orc priest.
You tail-slap the orc priest, but do no damage.
The orc priest is lightly wounded.
The orc priest hits you with a +0 club.
You closely miss the orc priest. Your kick misses the orc priest.
You headbutt the orc priest, but do no damage.
The orc priest is lightly wounded.
The orc priest hits you with a +0 club.
You hit the orc priest.
The orc priest is heavily wounded.
The orc priest hits you but does no damage.
You hit the orc priest. Your headbutt misses the orc priest.
The orc priest is severely wounded.
Your transformation is almost over.
The orc priest hits you with a +0 club.
You closely miss the orc priest. You headbutt the orc priest.
You tail-slap the orc priest, but do no damage.
The orc priest is severely wounded.
The orc priest barely misses you.
You barely miss the orc priest.
The orc priest is severely wounded.
The orc priest mumbles some strange prayers to Beogh against you.
Pain shoots through your body!
* * * LOW HITPOINT WARNING * * *
You are too injured to fight recklessly!
You are too injured to fight recklessly!
The orc priest calls down the wrath of Beogh upon you.
Beogh smites you!
You die...

#. +. #.
#. #.
#.###+##
#.#o#<...#
#....@...#
#...###.##
#... ...
#..# ###
..(. .##..
# .. #.#


You could see an orc priest.

Vanquished Creatures
  An adder (D:2)
  2 dart slugs
  3 bats
  3 endoplasms (D:1)
  4 goblins
  2 hobgoblins (D:2)
  7 ball pythons
  4 frilled lizards
  3 kobolds
29 creatures vanquished.

Notes
Turn   | Place    | Note
-------+----------+-------------------------------------------
     0 | D:1      | horus123 the Draconian Transmuter began the quest for the
                  | Orb.
     0 | D:1      | Reached XP level 1. HP: 16/16 MP: 3/3
   310 | D:1      | Reached XP level 2. HP: 16/23 MP: 3/5
   408 | D:1      | Learned a level 2 spell: Wereblood
   861 | D:2      | Found a snail-covered altar of Cheibriados.
   877 | D:2      | Found a faded altar of an unknown god.
  1040 | D:2      | Identified the +1 leather armour of Pyavef {rElec rN+}
  1180 | D:2      | Reached XP level 3. HP: 8/28 MP: 7/7
  1905 | D:3      | Killed from afar by an orc priest

Illustrated notes

Levels and vault maps discovered:
D:1:      minmay_arrival_radiant_lines, layout_basic
D:2:      layout_loops_ring, basic_altar, basic_ecumenical_altar,
          minmay_tetromino_t2
D:3:      layout_basic, fiery_altar_vehumet, nicolae_overflow_hidden_temple,
          minmay_randomly_rotated_circles

Skill      XL: |  1  2 |
---------------+-------+-----
Spellcasting   | 3 |  3.6
Fighting       | |  1.1
Dodging        | |  1.7
Unarmed Combat | |  3.0
Transmutations | |  2.0

Action                   || total
-------------------------++-------
Melee: Unarmed           ||    74
       Kick              ||    12
       Punch             ||     2
       Tailslap          ||     7
       Headbutt          ||     5
 Cast: Beastly Appendage ||    25
Armor: Skin              ||    26
Dodge: Dodged            ||    38

Table legend: (Time is in decaauts)
 A = Elapsed time spent in this place.
 B = Non-inter-level travel time spent in this place.
 C = Inter-level travel time spent in this place.
 D = Time resting spent in this place.
 E = Time spent auto-exploring this place.
 F = Levels seen in this place.
 G = Mean time per level.
                   A        B        C        D        E       F      G
               +--------+--------+--------+--------+--------+-----+--------+
         Total |   1900 |   1864 |     36 |    210 |   1382 |   3 |  633.3 |
       Dungeon |   1900 |   1864 |     36 |    210 |   1382 |   3 |  633.3 |
               +--------+--------+--------+--------+--------+-----+--------+

Top non-repeatable levels by time:
     D:2: 1029 daAuts
     D:1: 859 daAuts
     D:3: 11 daAuts
